 Dungeon Sprint DCSS version 0.17-a0-1575-g9a29ec8 (webtiles) character file.

12 nuthulu the Covered (level 5, -1/55 HPs)
             Began as a Gargoyle Fighter on July 26, 2015.
             Was an Initiate of Okawaru.
             Slain by a worker ant (4 damage)
             ... in the Dungeon (Sprint VI: "Thunderdome").
             The game lasted 00:01:19 (166 turns).

nuthulu the Covered (Gargoyle Fighter)               Turns: 166, Time: 00:01:19

Health: -1/55      AC: 11    Str: 24    XL:     5   Next: 14%
Magic:  5/5        EV:  8    Int:  9    God:    Okawaru [......]
Gold:   220        SH: 10    Dex: 10    Spells: 0 memorised, 4 levels left

rFire  . . .     SeeInvis .     a - +0 flail
rCold  . . .     Clarity  .     b - +0 scale mail
rNeg   + . .     SustAt   .     c - +0 shield
rPois  ∞         Gourm    .     (no helmet)
rElec  +         Spirit   .     (no cloak)
rCorr  .         Warding  .     (no gloves)
rMut   .         NoTele   +     (no boots)
MR     .....                    (no amulet)
Stlth  ..........               (no ring)
                                (no ring)

@: mighty, berserking, very quick, not resistant to hostile enchantments,
extremely unstealthy
A: negative energy resistance 1, electricity resistance, unbreathing,
petrification resistance, rot immunity, AC +4
a: Renounce Religion


You were in the Dungeon.
You worshipped Okawaru.
Okawaru was noncommittal.
You were not hungry.

You visited 1 branch You collected 220 gold pieces.

Inventory:

Hand weapons
 a - a +0 flail (weapon)
Armour
 b - a +0 scale mail (worn)
 c - a +0 shield (worn)
Magical devices
 l - a wand of cold (5)
 m - a wand of fire (5)
Scrolls
 k - 4 scrolls of blinking
 n - 3 scrolls of fog
Potions
 f - a potion of curing
 g - 3 potions of heal wounds
 h - 4 potions of haste
 i - 2 potions of magic
 o - a potion of resistance
Comestibles
 e - a bread ration


   Skills:
 + Level 6.3 Fighting
 + Level 5.2 Maces & Flails
 + Level 6.3 Armour
 + Level 6.2 Shields


You had 4 spell levels left.
You didn't know any spells.

Dungeon Overview and Level Annotations

Branches:
Dungeon (1/1)

Altars:
Cheibriados
Dithmenos
Fedhas
Gozag
Kikubaaqudgha
Makhleb
Okawaru
Qazlal
Ru
Sif Muna
Trog
Vehumet
Xom
Yredelemnul
Zin
The Shining One
Jiyva
Lugonu

Shops:
D *[%??*?*:[((!!!!


Innate Abilities, Weirdness & Mutations

You are resistant to torment.
Your stone body is resilient (AC +4).
You are immune to poison.
You resist negative energy.
You are resistant to electric shocks.
You can survive without breathing.
You are immune to petrification.
You are immune to rotting.


Message History

Your Maces & Flails skill gained 2 levels and is now at level 5!
Your Armour skill gained 2 levels and is now at level 6!
Your Shields skill gained 2 levels and is now at level 6!
You have reached level 4!
You feel clever.
You have reached level 5!
The queen ant stings you but does no damage.
The worker ant bites you but does no damage.
You barely miss the queen ant. The queen ant stings you!
* * * LOW HITPOINT WARNING * * *
The worker ant completely misses you.
You hit the queen ant.
The queen ant is lightly wounded.
The queen ant closely misses you. You block the worker ant's attack.
A worker ant comes into view.
The worker ant twitches its antennae in your direction.
You sock the queen ant!
The queen ant is lightly wounded.
The worker ant bites you.
You die...

###..)......### #⌠..†........⌠#
######.8.........8.######
##∩___..a...###......___∩##
###∩.†......8.# #.8........∩###
#.............###.............##
⌠..........###...###..........⌠#
⌠..........# #.a.# #..........⌠#
⌠..........###.a@###..........⌠#
#.............###†............#
###∩........8.# #.8........∩###
##∩_._......###......___∩##
######.8.........8.######
#⌠...........⌠# ###.........###
#_........# #.........#


You could see a queen ant and 2 worker ants.

Vanquished Creatures
  A soldier ant (D)
  An orc wizard (D)
  A kobold (D)
  A ball python (D)
  A giant newt (D)
  A rat (D)
6 creatures vanquished.

Notes
Turn   | Place    | Note
--------------------------------------------------------------
     0 | D        | nuthulu the Gargoyle Fighter began the quest for the Orb.
     0 | D        | Reached XP level 1. HP: 14/14 MP: 1/1
     1 | D        | Found a blossoming altar of Fedhas.
     2 | D        | Found a shadowy altar of Dithmenos.
     3 | D        | Found a sacrificial altar of Ru.
     3 | D        | Found a glowing silver altar of Zin.
     4 | D        | Found a burning altar of Makhleb.
     4 | D        | Found Gill's Weapon Rack.
     4 | D        | Found Sutaut Gube's Premium Goods.
     5 | D        | Found Noxing's Basic Armour.
     5 | D        | Found Duytilag's Miscellaneous Merchandise.
     5 | D        | Round 1.
     6 | D        | Found an ancient bone altar of Kikubaaqudgha.
     7 | D        | Found Iluopoaf's Do-It-Yourself Clinic.
     7 | D        | Found a shimmering altar of Xom.
     7 | D        | Found a stormy altar of Qazlal.
     7 | D        | Found a basalt altar of Yredelemnul.
     7 | D        | Found Tiowal's Distillery.
     8 | D        | Found Icweits's Bottled Wisdom.
     8 | D        | Found Senopuj's Distillery.
    11 | D        | Found a viscous altar of Jiyva.
    12 | D        | Found a deep blue altar of Sif Muna.
    13 | D        | Found an opulent altar of Gozag.
    14 | D        | Found a radiant altar of Vehumet.
    14 | D        | Found Duach's Staff Store.
    14 | D        | Found Nuneac Bachi's Magic Scroll Shop.
    15 | D        | Found Xeaxuva's Must-Have Magic.
    15 | D        | Found Riasch's Magic Scroll Shop.
    16 | D        | Noticed an orc wizard
    18 | D        | Found a snail-covered altar of Cheibriados.
    48 | D        | Killed an orc wizard
    48 | D        | Reached skill level 4 in Fighting
    48 | D        | Reached XP level 2. HP: 2/20 MP: 2/2
    48 | D        | Reached XP level 3. HP: 2/24 MP: 3/3
    53 | D        | Found a bloodstained altar of Trog.
    61 | D        | Found an iron altar of Okawaru.
    62 | D        | Found Butianet's Bee Food.
    63 | D        | Found Umax's Jewellery.
    63 | D        | Found Ehoy's Advanced Armour.
    64 | D        | Found a glowing golden altar of the Shining One.
    64 | D        | Found a corrupted altar of Lugonu.
    64 | D        | Found Picwi's Identification Station.
    70 | D        | Became a worshipper of Warmaster Okawaru
    91 | D        | Arena points: 12 (+12) [x2]
   129 | D        | Round 2.
   140 | D        | Noticed a soldier ant
   149 | D        | Noticed a queen ant
   163 | D        | Killed a soldier ant
   163 | D        | Reached skill level 6 in Fighting
   163 | D        | Reached skill level 5 in Maces & Flails
   163 | D        | Reached XP level 4. HP: 12/32 MP: 4/4
   163 | D        | Reached XP level 5. HP: 13/37 MP: 5/5
   166 | D        | Slain by a worker ant

Vault maps used:
D:        arena_sprint

Action                   |  1- 3 |  4- 6 || total
-------------------------+-------+-------++-------
Melee: Flail             |    52 |     3 ||    55
  Use: Potion            |     3 |       ||     3
